 Dungeon Crawl Stone Soup version 0.26-a0-935-g3624241d3c (webtiles) character file.

Game seed: 9142120684047273994

173 ohmi the Bolt Thrower (level 5, -1/42 HPs)
             Began as a Minotaur Hunter on Nov 26, 2020.
             Killed from afar by a white imp (3 damage)
             ... with a puff of frost
             ... on level 4 of the Dungeon.
             The game lasted 00:08:16 (2512 turns).

ohmi the Bolt Thrower (Minotaur Hunter)             Turns: 2512, Time: 00:08:17

Health: -1/42      AC: 10    Str: 18    XL:     5   Next: 28%
Magic:  4/4        EV:  5    Int:  8    God:
Gold:   120        SH:  0    Dex: 10    Spells: 4/4 levels left

rFire    . . .     SeeInvis .   n - +2 short sword (drain)
rCold    + . .     Faith    .   (no shield)
rNeg     . . .     Spirit   .   f - +0 plate armour
rPois    .         Reflect  .   (helmet restricted)
rElec    .         Harm     .   (no cloak)
rCorr    .         Rampage  .   (no gloves)
MR       .....                  (no boots)
Stlth    ..........             (no amulet)
HPRegen  0.14/turn              e - ring of protection from cold
MPRegen  0.09/turn              q - ring of stealth

@: no status effects
A: retaliatory headbutt, horns 2
a: no special abilities


You were on level 4 of the Dungeon.
You visited 1 branch of the dungeon, and saw 4 of its levels.

You collected 120 gold pieces.

Inventory:

Hand Weapons
 a - a +1 hand crossbow
 b - a +0 short sword
 g - a +1 whip of freezing
 l - a +0 hand axe
 m - a cursed -1 dagger
 n - a +2 short sword of draining (weapon)
Missiles
 d - 18 bolts
 i - 8 boomerangs (quivered)
Armour
 c - a +0 leather armour
 f - a +0 plate armour (worn)
Jewellery
 e - a ring of protection from cold (left hand)
 q - a ring of stealth (right hand)
Scrolls
 h - a scroll of identify
 o - a scroll of teleportation {unknown}
 r - a scroll of remove curse {unknown}
Potions
 k - a potion of resistance {unknown}
 p - a potion of attraction {unknown}


   Skills:
 - Level 2.4 Fighting
 - Level 3.1 Maces & Flails
 * Level 6.5 Crossbows
 - Level 2.1 Dodging
 - Level 0.7 Stealth


You had 4 spell levels left.
You didn't know any spells.
Your spell library was empty.

Dungeon Overview and Level Annotations

Branches:
Dungeon (4/15)
 Temple: D:4-7

Altars:
Cheibriados

Shops:
D:4 =


Innate Abilities, Weirdness & Mutations

You reflexively headbutt those who attack you in melee.
You have a pair of horns on your head.


Message History

* * * LOW HITPOINT WARNING * * *
You barely miss the white imp.
The white imp is almost dead.
The ogre hits you but does no damage.
The white imp hits you but does no damage.
It was a potion of curing.
You feel better. The white imp gestures at you.
The puff of frost hits you but does no damage.
The ogre hits you with a +0 giant club!
* * * LOW HITPOINT WARNING * * *
You puncture the ogre!
You kill the ogre!
The white imp hits you but does no damage.
Your Crossbows skill increases to level 6!
You have reached level 5!
You hit the white imp but do no damage. Your headbutt misses the white imp.
The white imp is almost dead.
The white imp gestures at you. The puff of frost hits you. You resist.
You die...

..... #.......#
#.... #........
#....##........
#........$.....
#..............
#..............
#.....)5.......
####+##@.......
#..8.8.8.......
#...⌠.⌠........
#..8.∩.8.......
#...⌠.⌠........
#..8.8.8.......
#....#.........
#....#.........
.
#....#........


You could see a white imp.

Vanquished Creatures
  An ogre (D:4)
  An orc priest (D:3)
  An adder (D:3)
  5 orcs (D:3)
  2 giant cockroaches
  8 goblins
  7 hobgoblins
  9 bats
  4 frilled lizards
  5 kobolds
  5 rats
48 creatures vanquished.

Notes
Turn   | Place    | Note
-------+----------+-------------------------------------------
     0 | D:1      | ohmi the Minotaur Hunter began the quest for the Orb.
     0 | D:1      | Reached XP level 1. HP: 18/18 MP: 0/0
   291 | D:1      | Reached XP level 2. HP: 23/25 MP: 1/1
   327 | D:1      | Reached skill level 5 in Crossbows
   693 | D:2      | Reached skill level 1 in Maces & Flails
   899 | D:2      | Found a snail-covered altar of Cheibriados.
  1345 | D:3      | Reached XP level 3. HP: 30/30 MP: 2/2
  1475 | D:3      | Reached XP level 4. HP: 16/37 MP: 3/3
  2482 | D:4      | Found Wuwk's Jewellery Boutique.
  2498 | D:4      | Noticed an ogre
  2511 | D:4      | Killed an ogre
  2512 | D:4      | Reached skill level 6 in Crossbows
  2512 | D:4      | Reached XP level 5. HP: 2/42 MP: 4/4
  2512 | D:4      | Killed from afar by a white imp

Illustrated notes

Levels and vault maps discovered:
D:1:      heliophobic_arrival_dark_side_of_the_moon, layout_rooms
D:2:      layout_loops_ring, nicolae_overflow_hidden_temple
D:3:      layout_basic
D:4:      layout_gridville, lemuel_doored_altar, temple_statues, serial_shops,
          nicolae_shop_temple_entry_statues_fountains, st_stairs_5

Skill      XL: |  1  2  3  4 |
---------------+-------------+-----
Crossbows      | 5 6 |  6.5
Maces & Flails | 2 3 |  3.1
Fighting       | |  2.4
Dodging        | |  2.1
Stealth        | |  0.7

Action                   |  1- 3 |  4- 6 || total
-------------------------+-------+-------++-------
Melee: Whip              |    40 |    12 ||    52
       Short sword       |    17 |    23 ||    40
       Headbutt          |     7 |     3 ||    10
 Fire: Hand crossbow     |    12 |     6 ||    18
Throw: Stone             |     6 |       ||     6
       Boomerang         |       |     4 ||     4
  Use: Scroll            |     1 |     1 ||     2
       Potion            |       |     1 ||     1
Armor: Leather armour    |     4 |       ||     4
       Plate armour      |     9 |    35 ||    44
Dodge: Dodged            |    22 |     8 ||    30

Table legend: (Time is in decaauts)
 A = Elapsed time spent in this place.
 B = Non-inter-level travel time spent in this place.
 C = Inter-level travel time spent in this place.
 D = Time resting spent in this place.
 E = Time spent auto-exploring this place.
 F = Levels seen in this place.
 G = Mean time per level.
                   A        B        C        D        E       F      G
               +--------+--------+--------+--------+--------+-----+--------+
         Total |   2517 |   2391 |    126 |    417 |   1528 |   4 |  629.2 |
       Dungeon |   2517 |   2391 |    126 |    417 |   1528 |   4 |  629.2 |
               +--------+--------+--------+--------+--------+-----+--------+

Top non-repeatable levels by time:
     D:3: 1153 daAuts
     D:1: 678 daAuts
     D:2: 652 daAuts
     D:4: 33 daAuts
